 Dungeon Crawl Stone Soup version 0.23.2-40-g277498a001 (webtiles) character file.

Game seed: 9401865275636348678

24397 KamiKatze the Cleaver (level 12, 0/105 (106) HPs)
             Began as a Demigod Fighter on Sept 28, 2019.
             Slain by a catoblepas (1 damage)
             ... while petrified by you
             ... on level 4 of the Lair of Beasts on Sept 30, 2019.
             The game lasted 01:18:03 (18189 turns).

KamiKatze the Cleaver (Demigod Fighter)            Turns: 18189, Time: 01:18:03

HP:   0/105 (106)   AC: 15    Str: 27    XL:     12   Next: 46%
MP:   17/17         EV:  2    Int: 17    God:
Gold: 727           SH:  0    Dex: 15    Spells: 8/13 levels left

rFire    . . .     SeeInvis .   a - +1 war axe (chop)
rCold    + + .     Gourm    .   c - +1 shield
rNeg     + + +     Faith    .   B - +3 chain mail "Kucroyta" {rC+}
rPois    ∞         Spirit   .   (no helmet)
rElec    .         Reflect  .   n - +0 cloak
rCorr    .         Harm     .   N - +0 pair of gloves of the Fiddle {MR+ Int+5} (curse)
MR       ++...                  (no boots)
Stlth    ..........             e - amulet of magic regeneration
HPRegen  0.27/turn              C - ring of poison resistance
MPRegen  0.40/turn              F - ring of protection from cold

@: petrified
A: high mp 1
a: no special abilities


You were on level 4 of the Lair of Beasts.
You were not hungry.

You visited 3 branches of the dungeon, and saw 17 of its levels.
You also visited: Sewer and Ice Cave.

You collected 765 gold pieces.
You spent 38 gold pieces at shops.

Inventory:

Hand Weapons
 a - a +1 war axe of chopping (weapon)
 q - a +4 hunting sling of freezing
 w - a +0 demon trident
 R - a +4 flail
Missiles
 k - 321 stones
 y - 5 tomahawks
 D - 3 javelins (quivered)
 G - 95 sling bullets
 H - 34 poisoned needles
Armour
 c - a +1 shield (worn)
 n - a +0 cloak (worn)
 s - a +3 chain mail of magic resistance
 B - the +3 chain mail "Kucroyta" (worn) {rC+}
   (You found it on level 4 of the Dungeon)

   It protects you from cold.
 L - a +0 plate armour
 N - the cursed +0 pair of gloves of the Fiddle (worn) {MR+ Int+5}
   (You found it on level 1 of the Lair of Beasts)

   It affects your intelligence (+5).
   It affects your resistance to hostile enchantments.
   It has a curse placed upon it.
Jewellery
 e - an amulet of magic regeneration (around neck)
 C - a ring of poison resistance (left hand)
 E - an uncursed ring of positive energy
 F - a ring of protection from cold (right hand)
 I - an uncursed ring of ice
 J - an uncursed ring of resist corrosion
Wands
 h - a wand of polymorph (5)
 m - a wand of paralysis (4)
 r - a wand of random effects (18)
 O - a wand of enslavement (12)
 P - a wand of acid (8)
Scrolls
 b - 3 scrolls of amnesia
 d - 4 scrolls of magic mapping
 g - 9 scrolls of remove curse
 i - 4 scrolls of teleportation
 o - a scroll of fear
 p - 6 scrolls of enchant weapon
 u - 2 scrolls of fog
 M - 2 scrolls of identify
 Q - a scroll of enchant armour
Potions
 j - a potion of resistance
 l - 2 potions of haste
 t - 3 potions of magic
 v - 5 potions of curing
 x - 2 potions of brilliance
 z - a potion of cancellation
 A - 3 potions of flight
 S - 2 potions of agility
Comestibles
 f - 30 rations
 K - a chunk of flesh


   Skills:
 + Level 9.8 Fighting
 * Level 13.0 Axes
 + Level 6.4 Armour
 + Level 6.1 Dodging
 + Level 8.2 Shields
 * Level 1.2 Spellcasting
 + Level 0.0 Conjurations
 * Level 1.5 Translocations
 + Level 0.0 Earth Magic
 - Level 2.0 Evocations


You had 8 spell levels left.
You knew the following spells:

 Your Spells              Type           Power        Failure   Level  Hunger
a - Blink                 Tloc           N/A          91%         2    ###....
b - Stone Arrow           Conj/Erth      #.....       100%        3    ####...

Your spell library contained the following spells:

 Spells                   Type           Power        Failure   Level  Hunger
 Animate Skeleton         Necr           N/A          95%         1    ##.....
 Magic Dart               Conj           #...         95%         1    ##.....
 Pain                     Necr           #...         95%         1    ##.....
 Sandblast                Erth           #.....       95%         1    ##.....
 Passwall                 Tmut/Erth      #.......     98%         2    ###....
 Call Imp                 Summ           #.......     99%         2    ###....
 Slow                     Hex            #.......     99%         2    ###....
 Conjure Flame            Conj/Fire      #.......     100%        3    ####...
 Mephitic Cloud           Conj/Pois/Air  #.......     100%        3    ####...
 Regeneration             Chrm/Necr      #.........   100%        3    ####...
 Vampiric Draining        Necr           #.........   100%        3    ####...
 Animate Dead             Necr           N/A          100%        4    #####..
 Petrify                  Tmut/Erth      #.......     100%        4    #####..
 Lee's Rapid Deconstruct  Erth           #.........   100%        5    ######.


Dungeon Overview and Level Annotations

Branches:
Dungeon (11/15)            Temple (1/1) D:5            Lair (5/6) D:9
  Swamp (0/4) Lair:2       Spider (0/4) Lair:2
  Slime: Lair:5-6       Orc: D:9-12

Shops:
D:5 :   D:6 (*?

Annotations:
D:5 Blork the orc
D:7 exclusion: statue
D:11 Snorg


Innate Abilities, Weirdness & Mutations

You have an increased reservoir of magic. (+10% MP)


Message History

* * * LOW HITPOINT WARNING * * *
Your limbs are stiffening.
Unknown command.
The fungus is engulfed in calcifying dust.
You have turned to stone.
The fungus is engulfed in calcifying dust.
The fungus turns to stone!
The catoblepas gores you but does no damage.
The fungus is engulfed in calcifying dust.
The catoblepas gores you!
* * * LOW HITPOINT WARNING * * *
The catoblepas gores you!
* * * LOW HITPOINT WARNING * * *
The catoblepas gores you!
* * * LOW HITPOINT WARNING * * *
The catoblepas smashes its foot into the ground.
The catoblepas gores you!
* * * LOW HITPOINT WARNING * * *
The catoblepas gores you.
You die...

### ####...##.....##
# #.#........# #
#..........## #
#...........# #
###..P.....## #
##........#
###.P.....## ###
#P..#.....# ##.##
##......@Y>#
##...####P.........#
#.....#.####.#.....#
#.....#.###P.......#
#........###.......##
##...##.P#.#........#
###.###........>...##
.#####..............#
.#######....#......##


You could see a catoblepas.

Vanquished Creatures
  Fannar (D:10)
  Harold (D:8)
  3 hydras
  3 two-headed ogres
  A swamp dragon (Lair:2)
  Maurice (D:9)
  Joseph (D:8)
  3 black mambas
  2 spiny frogs
  A rime drake (Lair:3)
  7 freezing wraiths (IceCv)
  3 komodo dragons
  A troll (D:10)
  A hornet (D:10)
  3 blink frogs (Lair:2)
  3 hippogriffs
  A wyvern (Lair:2)
  2 yaks (D:9)
  2 steam dragons
  A death yak simulacrum (IceCv)
  Menkaure (D:7)
  2 water moccasins
  Purgy (Sewer)
  7 porcupines
  14 ice beasts
  A black bear (D:8)
  6 necrophages (Lair:4)
  40 wolves
  3 sky beasts
  4 ogres
  2 orc warriors
  8 crocodiles
  2 big kobolds
  16 bullfrogs
  A wyvern skeleton (D:10)
  2 scorpions (D:8)
  An elephant simulacrum (IceCv)
  8 killer bees
  A vampire bat (Lair:3)
  5 wights
  5 howler monkeys
  6 crimson imps
  2 quasits (D:7)
  5 hounds
  2 jellies
  2 orc priests (D:8)
  4 orc wizards
  2 bullfrog skeletons
  A centaur skeleton (D:5)
  Natasha (thrice) (D:2)
  3 iguanas
  12 worker ants
  A troll simulacrum (IceCv)
  2 wolf simulacra (IceCv)
  A killer bee zombie (D:7)
  A hound skeleton (D:10)
  2 howler monkey zombies
  17 adders
  A howler monkey skeleton (D:4)
  5 white imps (IceCv)
  An ooze (D:2)
  2 adder zombies
  3 adder skeletons
  4 worms
  2 dart slugs (D:2)
  4 leopard geckos
  21 orcs
  7 ball pythons
  12 bats
  8 giant cockroaches
  13 goblins
  10 hobgoblins
  19 jackals
  15 kobolds
  5 quokkas
  10 frilled lizards
  A leopard gecko skeleton (D:4)
  A quokka skeleton (D:6)
  16 rats
  A fungus (Lair:1)
  A plant (Lair:3)
399 creatures vanquished.

Vanquished Creatures (others)
  14 fungi
  2 plants (D:9)
16 creatures vanquished.

Grand Total: 415 creatures vanquished

Notes
Turn   | Place    | Note
-------+----------+-------------------------------------------
     0 | D:1      | KamiKatze the Demigod Fighter began the quest for the Orb.
     0 | D:1      | Reached XP level 1. HP: 18/18 MP: 3/3
    33 | D:1      | Reached skill level 2 in Axes
   150 | D:1      | Reached XP level 2. HP: 24/25 MP: 4/4
   732 | D:2      | Reached XP level 3. HP: 31/31 MP: 5/5
   758 | D:2      | Reached skill level 1 in Dodging
  1134 | D:2      | Reached XP level 4. HP: 16/38 MP: 6/6
  1422 | D:2      | Reached skill level 3 in Axes
  1591 | D:2      | Noticed Natasha
  1597 | D:2      | Killed Natasha
  1668 | D:2      | Noticed Natasha
  1678 | D:2      | Killed Natasha
  1678 | D:2      | Reached XP level 5. HP: 20/45 MP: 7/7
  2016 | D:2      | Noticed Natasha
  2035 | D:2      | Killed Natasha
  2595 | D:3      | Found a glowing drain.
  2604 | Sewer    | Entered a sewer
  2753 | Sewer    | Noticed Purgy
  2767 | Sewer    | Killed Purgy
  2767 | Sewer    | Reached skill level 4 in Axes
  2767 | Sewer    | Reached XP level 6. HP: 36/52 MP: 8/8
  4146 | D:4      | Found a bloodstained altar of Trog.
  4147 | D:4      | Found a glowing silver altar of Zin.
  4273 | D:4      | Reached XP level 7. HP: 18/59 MP: 9/9
  4309 | D:4      | Got a pitted chain mail
  4320 | D:4      | Identified the +3 chain mail "Kucroyta" {rC+} (You found it
                  | on level 4 of the Dungeon)
  4332 | D:4      | Reached skill level 5 in Axes
  4612 | D:4      | Found a stormy altar of Qazlal.
  4749 | D:5      | Entered Level 5 of the Dungeon
  4971 | D:5      | Found a sacrificial altar of Ru.
  5053 | D:5      | Found Peluderoip's Book Emporium.
  5211 | D:5      | Noticed Blork the orc
  5229 | D:5      | Found a deep blue altar of Sif Muna.
  5361 | D:5      | Found a staircase to the Ecumenical Temple.
  5370 | Temple   | Entered the Ecumenical Temple
  5541 | D:5      | Reached skill level 6 in Axes
  5592 | D:6      | Found Tuismy's Magic Scroll Boutique.
  5609 | D:6      | Bought a scroll of magic mapping for 38 gold pieces
  5695 | D:6      | Reached skill level 5 in Shields
  5768 | D:6      | Found Levic's General Store.
  5824 | D:6      | Found Ownokkea's Weapon Emporium.
  5949 | D:6      | Reached skill level 5 in Fighting
  5949 | D:6      | Reached XP level 8. HP: 67/68 MP: 10/10
  6348 | D:7      | Found an opulent altar of Gozag.
  6620 | D:7      | Reached skill level 7 in Axes
  7034 | D:7      | Found a blossoming altar of Fedhas.
  7177 | D:7      | Found a radiant altar of Vehumet.
  7290 | D:7      | Found a blossoming altar of Fedhas.
  7296 | D:7      | Noticed Menkaure
  7682 | D:7      | Killed Menkaure
  7864 | D:8      | Reached skill level 8 in Axes
  8010 | D:8      | Noticed Harold
  8026 | D:8      | Killed Harold
  8026 | D:8      | Reached skill level 9 in Axes
  8026 | D:8      | Reached XP level 9. HP: 78/78 MP: 11/11
  8324 | D:8      | Noticed Joseph
  8356 | D:8      | Killed Joseph
  8566 | D:8      | Noticed a two-headed ogre
  8843 | D:8      | Reached skill level 10 in Axes
  9069 | D:8      | Killed a two-headed ogre
  9069 | D:8      | Reached XP level 10. HP: 88/88 MP: 13/13
  9133 | D:9      | Noticed Maurice
  9151 | D:9      | Killed Maurice
  9208 | D:9      | Reached skill level 1 in Evocations
  9283 | D:9      | Found a shattered altar of Ashenzari.
  9286 | D:9      | Found a hazy altar of Hepliaklqana.
  9769 | D:9      | Found a staircase to the Lair.
  9814 | D:10     | Entered Level 10 of the Dungeon
  9901 | D:10     | Noticed Fannar
  9901 | D:10     | Noticed a two-headed ogre
  9945 | D:10     | Noticed a two-headed ogre
  9960 | D:10     | Killed a two-headed ogre
  9960 | D:10     | Reached skill level 11 in Axes
 10246 | D:10     | Killed Fannar
 10313 | D:10     | HP: 2/89 [two-headed ogre/+0 giant spiked club (14)]
 10314 | D:10     | Killed a two-headed ogre
 10647 | D:10     | Reached XP level 11. HP: 77/95 MP: 15/15
 10920 | D:11     | Noticed Snorg
 10995 | Lair:1   | Entered Level 1 of the Lair of Beasts
 11078 | Lair:1   | Noticed an eight-headed hydra
 11102 | Lair:1   | Killed an eight-headed hydra
 11220 | Lair:1   | Noticed a five-headed hydra
 11276 | Lair:1   | Killed a five-headed hydra
 11877 | Lair:1   | Reached skill level 5 in Armour
 12393 | Lair:2   | Found a frozen archway.
 12498 | IceCv    | Entered an ice cave
 12510 | IceCv    | Reached skill level 12 in Axes
 13127 | IceCv    | Reached skill level 5 in Dodging
 13639 | IceCv    | Found an ancient bone altar of Kikubaaqudgha.
 14015 | Lair:1   | Got a pair of warped gloves
 14021 | Lair:1   | Identified the cursed +0 pair of gloves of the Fiddle {MR+
                  | Int+5} (You found it on level 1 of the Lair of Beasts)
 14074 | Lair:2   | Found a staircase to the Swamp.
 14074 | Lair:2   | Noticed a swamp dragon
 14101 | Lair:2   | Killed a swamp dragon
 14153 | Lair:2   | Found a hole to the Spider Nest.
 14501 | Lair:2   | Reached XP level 12. HP: 85/104 MP: 16/16
 14976 | Lair:3   | Noticed a four-headed hydra
 17026 | Lair:3   | Learned a level 2 spell: Blink
 17465 | Lair:4   | Reached skill level 1 in Translocations
 17670 | Lair:4   | Noticed a four-headed hydra
 17971 | Lair:4   | Killed a four-headed hydra
 17971 | Lair:4   | Reached skill level 13 in Axes
 17971 | Lair:4   | Reached skill level 1 in Spellcasting
 18098 | Lair:4   | Learned a level 3 spell: Stone Arrow
 18168 | Lair:5   | Noticed a catoblepas
 18168 | Lair:5   | Noticed a catoblepas
 18188 | Lair:4   | HP: 1/105 [catoblepas (6)]
 18189 | Lair:4   | Slain by a catoblepas

Skill      XL: |  1  2  3  4  5  6  7  8  9 10 11 12 |
---------------+-------------------------------------+-----
Axes           | 2 3 4 6 9 10 11 12 13 | 13.0
Fighting       | 3 4 5 6 7 8 9 |  9.8
Armour         | 3 4 5 6 |  6.4
Dodging        | 1 2 3 5 6 |  6.1
Shields        | 3 4 5 6 7 8 |  8.2
Evocations     | 2 |  2.0
Translocations | 1 |  1.5
Spellcasting   | 1 |  1.2

Action                   |  1- 3 |  4- 6 |  7- 9 | 10-12 || total
-------------------------+-------+-------+-------+-------++-------
Melee: War axe           |   140 |   259 |   390 |   763 ||  1552
       Flail             |       |       |       |    32 ||    32
       Demon trident     |       |       |       |     7 ||     7
Throw: Stone             |       |       |     2 |     9 ||    11
       Javelin           |       |       |     3 |    18 ||    21
       Tomahawk          |       |       |     1 |     4 ||     5
       Throwing net      |       |       |       |     3 ||     3
Evoke: Wand              |       |       |     5 |     9 ||    14
  Use: Potion            |     3 |     1 |     1 |     2 ||     7
       Scroll            |       |     6 |     5 |    17 ||    28
 Stab: Held in net/web   |       |       |       |     1 ||     1
  Eat: Chunk             |     1 |    11 |    16 |    24 ||    52
       Ration            |       |       |       |     2 ||     2
Armor: Scale mail        |    73 |    67 |       |       ||   140
       Troll leather arm |       |    15 |       |       ||    15
       Chain mail        |       |       |   210 |   331 ||   541
Dodge: Dodged            |    45 |   112 |   111 |   294 ||   562
Block: Shield            |    92 |   148 |   195 |   558 ||   993
